 Dungeon Crawl Stone Soup version 0.29-a0-418-gc0181ea820 (webtiles) character file.

Game seed: 11803003163946400055

60179 Bruhh the Grappler (level 14, -7/90 HPs)
             Began as a Gargoyle Earth Elementalist on May 17, 2022.
             Was a High Priest of Ashenzari.
             Mangled by a torpor snail (17 damage)
             ... on level 6 of the Lair of Beasts.
             The game lasted 00:37:39 (24986 turns).

Bruhh the Grappler (Gargoyle Earth Elementalist)   Turns: 24986, Time: 00:37:39

Health: -7/90      AC: 16    Str: 18    XL:     14   Next: 98%
Magic:  9/28       EV: 17    Int: 27    God:    Ashenzari [*****.]
Gold:   993        SH:  0    Dex: 10    Spells: 15/33 levels left

rFire   . . .      SeeInvis +     - Unarmed
rCold   . . .      Faith    .   (shield currently unavailable)
rNeg    + . .      Spirit   .   (body armour currently unavailable)
rPois   ∞          Reflect  .   (helmet currently unavailable)
rElec   +          Harm     .   (cloak currently unavailable)
rCorr   .          Rampage  .   (gloves currently unavailable)
Will    +....      Clarity  +   (boots currently unavailable)
Stlth   ++........              c - amulet of regeneration
HPRegen 1.05/turn               l - ring of Ashenzari's Augurer {Int+6, Elem, Self} (curse)
MPRegen 0.21/turn               o - ring of the Fated Boredom {Str+6, Bglg, Alch} (curse)

@: mighty, storm-form, flying, slowed, very slow
A: cleaving, flying, sickness immunity, AC +10, (big wings), negative energy
resistance 1, (electricity resistance), torment resistance 1, petrification
resistance
a: Blinkbolt, End Transformation, Renounce Religion, Curse Item, Shatter the
Chains


You were on level 6 of the Lair of Beasts.
You worshipped Ashenzari.
Ashenzari was extremely pleased with you.
You were a lightning-filled tempest!
You visited 2 branches of the dungeon, and saw 18 of its levels.
You also visited: Bailey and Ice Cave.

You collected 1633 gold pieces.
You spent 640 gold pieces at shops.

Inventory:

Hand Weapons
 p - a +0 long sword
 J - a +2 falchion of holy wrath (melded)
Missiles
 h - a throwing net
 H - 28 poisoned darts
Armour
 a - the cursed +0 troll leather armour of the Tethered Paranoia (melded) {Regen+, Elem, Self}
   (You found it on level 10 of the Dungeon)

   Regen:     It increases your rate of health regeneration.
   It has a curse which improves the following skills: Elements: Fire Magic, Ice
   Magic, Air Magic and Earth Magic.
   Introspection: Fighting and Spellcasting.
 s - the cursed +0 pair of boots "Sibylline Prison" (melded) {Melee, Elem}
   (You found it on level 3 of the Dungeon)

   It has a curse which improves the following skills: Melee Combat: Short
   Blades, Long Blades, Axes, Maces & Flails, Polearms, Staves and Unarmed
   Combat.
   Elements:  Fire Magic, Ice Magic, Air Magic and Earth Magic.
 z - the cursed +0 cloak "Per Aspera Ad Scientiam" (melded) {Bglg, Cun}
   (You found it on level 4 of the Dungeon)

   It has a curse which improves the following skills: Beguiling: Conjurations,
   Hexes and Translocations.
   Cunning:   Dodging and Stealth.
 N - the cursed +1 pair of gloves "Malaise of Ashenzari" (melded) {Alch, Comp}
   (You found it on level 12 of the Dungeon)

   It has a curse which improves the following skills: Alchemy: Poison Magic and
   Transmutations.
   Companions: Summonings and Necromancy.
 T - the cursed +0 helmet of the Wild Blue Yonder (melded) {Comp, Alch}
   (You found it on level 10 of the Dungeon)

   It has a curse which improves the following skills: Companions: Summonings
   and Necromancy.
   Alchemy:   Poison Magic and Transmutations.
 Z - the cursed +2 buckler of the Oracular Seer (melded) {rC+, Elem, Bglg}
   (You found it in an ice cave)

   It has a curse which improves the following skills: Elements: Fire Magic, Ice
   Magic, Air Magic and Earth Magic.
   Beguiling: Conjurations, Hexes and Translocations.
Jewellery
 c - an amulet of regeneration (around neck)
 l - the cursed ring of Ashenzari's Augurer (left fist) {Int+6, Elem, Self}
   (You found it on level 2 of the Dungeon)

   [ring of intelligence]

   Int:       It affects your intelligence (+6).
   It has a curse which improves the following skills: Elements: Fire Magic, Ice
   Magic, Air Magic and Earth Magic.
   Introspection: Fighting and Spellcasting.
 o - the cursed ring of the Fated Boredom (right fist) {Str+6, Bglg, Alch}
   (You found it on level 2 of the Dungeon)

   [ring of strength]

   Str:       It affects your strength (+6).
   It has a curse which improves the following skills: Beguiling: Conjurations,
   Hexes and Translocations.
   Alchemy:   Poison Magic and Transmutations.
 u - a ring of protection from fire
 M - an amulet of the acrobat
 R - a ring of wizardry
Wands
 v - a wand of iceblast (7)
 L - a wand of acid (4)
Scrolls
 b - a scroll of summoning
 d - 5 scrolls of teleportation
 e - 3 scrolls of magic mapping
 f - 14 scrolls of identify
 j - 2 scrolls of blinking
 m - a scroll of poison
 t - 5 scrolls of fog
 x - 2 scrolls of torment
 A - a scroll of brand weapon
 C - 4 scrolls of enchant weapon
 D - 2 scrolls of amnesia
 E - a scroll of fear
 K - a scroll of silence
 O - 2 scrolls of enchant armour
Potions
 g - 3 potions of mutation
 i - 5 potions of lignification
 k - a potion of might
 q - 2 potions of berserk rage
 r - 7 potions of curing
 w - a potion of invisibility
 F - 11 potions of ambrosia
 G - 2 potions of attraction
 I - a potion of resistance
 P - 6 potions of brilliance
 Q - 4 potions of haste
 S - 4 potions of flight
 U - 5 potions of magic
Miscellaneous
 n - a condenser vane


   Skills:
 - Level 8.9(11.2) Fighting
 - Level 1.5 Dodging
 - Level 2.1 Stealth
 - Level 9.5 Shields
 + Level 13.0 Unarmed Combat
 - Level 8.0(10.3) Spellcasting
 - Level 4.6(6.8) Conjurations
 + Level 0.4(1.3) Translocations
 - Level 10.7(13.0) Transmutations
 - Level 9.5(11.8) Air Magic
 - Level 5.0(7.2) Earth Magic


You had 15 spell levels left.
You knew the following spells:

 Your Spells              Type           Power      Damage    Failure   Level
a - Sandblast             Erth           100%       2d20      1%          1
b - Stone Arrow           Conj/Erth      100%       3d13      1%          3
c - Storm Form            Tmut/Air       34%        N/A       22%         7
d - Dragon Form           Tmut           35%        N/A       17%         7

Your spell library contained the following spells:

 Spells                   Type           Power      Damage    Failure   Level
 Passwall                 Tmut/Erth      51%        N/A       1%          2
 Petrify                  Tmut/Erth      62%        N/A       1%          4
 Blade Hands              Tmut           35%        N/A       1%          5
 Irradiate                Conj/Tmut      30%        3d23      1%          5
 Blink                    Tloc           42%        N/A       3%          2
 Dazzling Flash           Conj/Hex       66%        N/A       3%          3
 Gell's Gravitas          Tloc           21%        N/A       7%          3
 Teleport Other           Tloc           21%        N/A       7%          3
 Freezing Cloud           Conj/Ice/Air   24%        6-21      9%          5
 Hailstorm                Conj/Ice       33%        3d8       10%         4
 Silence                  Hex/Air        23%        N/A       10%         5
 Ozocubu's Armour         Ice            15%        N/A       11%         3
 Passage of Golubria      Tloc           21%        N/A       24%         4
 Manifold Assault         Tloc           21%        N/A       54%         5
 Agony                    Necr           13%        N/A       75%         5
 Dispersal                Tloc           10%        N/A       98%         6
 Simulacrum               Ice/Necr       7%         N/A       99%         6
 Lehudib's Crystal Spear  Conj/Erth      25%        10d7      100%        8


Dungeon Overview and Level Annotations

Branches:
Dungeon (12/15)            Temple (0/1) D:4            Lair (6/6) D:9
  Swamp (0/4) Lair:2        Snake (0/4) Lair:2        Slime (0/5) Lair:5
 Bailey (visited)           IceCv (visited)
    Orc: D:9-12

Altars:
Ashenzari
Cheibriados
Vehumet
Wu Jian
Xom
Zin
Jiyva

Shops:
D:7 [   D:9 :   D:11 (

Annotations:
D:11 2 transporters
Lair:5 1 runed translucent door


Innate Abilities, Weirdness & Mutations

You are a lightning-filled tempest!
Your electrical attacks strike out in all directions at once.
You are incredibly evasive.
You are flying.
Your armour is entirely melded.
You are incapable of wielding weapons or throwing items.
You are immune to sickness and miasma.
((Your stone body is resilient. (AC +10)))
You are immune to poison.
((Your large and strong wings let you fly.))
You resist negative energy. (rN+)
((You are resistant to electric shocks. (rElec)))
You are resistant to unholy torment.
You are immune to petrification.


Message History

Blink to where?
Press: ? - help, Dir - move target
As you read the scroll of blinking, it crumbles to dust.
You feel yourself speed up.
Being near the torpor snail leaves you feeling lethargic.
Casting: Dragon Form (dangerous; 17% risk of failure)
Confirm with . or Enter, or press ? or * to list all spells.
Your transformation has ended.
Your +2 falchion of holy wrath unmelds from your body.
The cursed +0 cloak "Per Aspera Ad Scientiam" {Bglg, Cun} unmelds from your body.
The cursed +0 helmet of the Wild Blue Yonder {Comp, Alch} unmelds from your body.
The cursed +1 pair of gloves "Malaise of Ashenzari" {Alch, Comp} unmelds from your body.
The cursed +0 pair of boots "Sibylline Prison" {Melee, Elem} unmelds from your body.
The cursed +2 buckler of the Oracular Seer {rC+, Elem, Bglg} unmelds from your body.
The cursed +0 troll leather armour of the Tethered Paranoia {Regen+, Elem, Self} unmelds from your body.
Your +2 falchion of holy wrath softly glows with a divine radiance!
You feel resistant to cold.
You turn into a lightning-filled tempest!
Your +2 falchion of holy wrath melds into your body.
The cursed +0 cloak "Per Aspera Ad Scientiam" {Bglg, Cun} melds into your body.
The cursed +0 helmet of the Wild Blue Yonder {Comp, Alch} melds into your body.
The cursed +1 pair of gloves "Malaise of Ashenzari" {Alch, Comp} melds into your body.
The cursed +0 pair of boots "Sibylline Prison" {Melee, Elem} melds into your body.
The cursed +2 buckler of the Oracular Seer {rC+, Elem, Bglg} melds into your body.
The cursed +0 troll leather armour of the Tethered Paranoia {Regen+, Elem, Self} melds into your body.
Your +2 falchion of holy wrath stops glowing.
You feel less resistant to cold.
You blast the hornet!!!
You kill the hornet!
You batter the plant!!
The plant begins to die.
You feel better.
A nearby plant withers and dies.
The torpor snail bites you!
* * * LOW HITPOINT WARNING * * *
You buffet the torpor snail!
The torpor snail is moderately wounded.
You barely miss the hornet. The hornet stings you!
* * * LOW HITPOINT WARNING * * *
You feel very mighty all of a sudden. The torpor snail bites you!
You die...

##..### #####...#.##...#
#..#### #####....†...#
...#### ###.#...†...######
..##########......####,..##
.########.#.....#####.....#
##.###.##.....#######[...#*
..#####.....#..########..#
...###....###....w####..(#
#.......######..vwy.....##
.##.P.############....####
########## ###############
######### ##############


You could see a tyrant leech, a torpor snail and a hornet.

Vanquished Creatures
  Snorg (Lair:4)
  2 fire dragons (Lair:6)
  7 hydras
  2 death yaks (Lair:3)
  A tengu warrior (D:8)
  A two-headed ogre (D:7)
  3 lindwurms
  A swamp dragon (Lair:6)
  3 bog bodies
  3 orc knights (Bailey)
  4 black mambas
  Joseph (D:8)
  12 elephants
  An ice statue (IceCv)
  7 torpor snails
  10 cane toads
  A kobold demonologist (D:9)
  A tengu conjurer (D:8)
  6 komodo dragons
  5 rime drakes
  A freezing wraith (D:11)
  Maggie (D:6)
  An anaconda simulacrum (IceCv)
  2 ice devils (D:11)
  A queen bee (Lair:1)
  A troll (D:10)
  7 polar bears
  20 blink frogs
  8 hornets
  3 tyrant leeches (Lair:6)
  9 dream sheep
  3 slime creatures (D:12)
  A spriggan (Lair:1)
  5 wyverns
  54 yaks
  A dire elephant simulacrum (IceCv)
  10 basilisks
  4 steam dragons
  A death yak simulacrum (IceCv)
  3 vampire mosquitoes (D:11)
  2 swamp worms (Lair:2)
  2 nagas (Lair:2)
  3 acid dragons
  14 water moccasins
  2 harpy simulacra (IceCv)
  3 ice beasts
  5 orc warriors
  A swamp drake (Lair:6)
  A sky beast (D:7)
  9 black bears
  An ogre (D:6)
  4 wolves (Lair:4)
  2 centaurs (D:10)
  A phantom (D:5)
  11 bullfrogs
  A kobold brigand (D:8)
  A gnoll sergeant (D:6)
  6 two-headed ogre simulacra (IceCv)
  A scorpion (D:7)
  3 cane toad simulacra (IceCv)
  3 necrophages
  8 wights
  41 killer bees
  A howler monkey (D:4)
  2 elephant simulacra (IceCv)
  3 electric eels
  2 hounds
  2 jellies
  A gnoll shaman (D:5)
  5 orc priests
  6 iguanas (Lair:6)
  15 orc wizards
  2 polar bear simulacra (IceCv)
  6 spriggan simulacra (IceCv)
  8 troll simulacra (IceCv)
  A wolf simulacrum (IceCv)
  8 adders
  9 gnolls
  4 naga simulacra (IceCv)
  2 shadow imps
  12 white imps
  4 ufetubi
  3 worms
  A dart slug (D:1)
  47 orcs
  5 ball pythons
  4 bats
  5 endoplasms
  6 giant cockroaches
  8 goblins
  12 hobgoblins
  6 jackals
  2 quokkas
  2 frilled lizards (D:2)
  7 kobolds
  4 rats
538 creatures vanquished.

Vanquished Creatures (others)
  A bog body (IceCv)
  30 fungi
  42 plants
73 creatures vanquished.

Grand Total: 611 creatures vanquished

Notes
Turn   | Place    | Note
-------+----------+-------------------------------------------
     0 | D:1      | Bruhh the Gargoyle Earth Elementalist began the quest for
                  | the Orb.
     0 | D:1      | Reached XP level 1. HP: 10/10 MP: 3/3
    96 | D:1      | Reached XP level 2. HP: 4/15 MP: 0/5
  1191 | D:2      | Reached XP level 3. HP: 19/19 MP: 0/6
  1495 | D:2      | Reached skill level 5 in Earth Magic
  1495 | D:2      | Reached XP level 4. HP: 23/24 MP: 3/8
  2212 | D:2      | Found a faded altar of an unknown god.
  2352 | D:3      | Found a broken altar of Ashenzari.
  2352 | D:3      | Found a shimmering altar of Xom.
  2361 | D:3      | Found a radiant altar of Vehumet.
  2363 | D:3      | Found a snail-covered altar of Cheibriados.
  2365 | D:3      | Found an ornate altar of the Wu Jian Council.
  2436 | D:3      | Became a worshipper of Ashenzari the Shackled
  3025 | D:3      | Reached XP level 5. HP: 28/28 MP: 8/10
  3031 | D:3      | Learned a level 3 spell: Stone Arrow
  3502 | D:4      | Reached skill level 1 in Conjurations
  3509 | D:4      | Reached XP level 6. HP: 29/32 MP: 3/12
  3614 | D:4      | Found a staircase to the Ecumenical Temple.
  3855 | D:5      | Entered Level 5 of the Dungeon
  3937 | D:5      | Reached skill level 5 in Spellcasting
  3937 | D:5      | Reached XP level 7. HP: 32/36 MP: 6/14
  5042 | D:6      | Noticed Maggie
  5050 | D:6      | Killed Maggie
  5051 | D:6      | Reached XP level 8. HP: 41/41 MP: 4/18
  5427 | D:6      | Reached * piety under Ashenzari
  5537 | D:6      | Reached skill level 1 in Fighting
  5921 | D:6      | Reached skill level 5 in Fighting
  6127 | D:7      | Reached XP level 9. HP: 51/54 MP: 11/21
  6537 | D:7      | Reached ** piety under Ashenzari
  7075 | D:7      | Noticed a two-headed ogre
  7081 | D:7      | Killed a two-headed ogre
  7327 | D:7      | Found Tar Toaz's Antique Armour Shop.
  7457 | D:7      | Reached skill level 1 in Shields
  7755 | D:8      | Reached skill level 1 in Air Magic
  8068 | D:8      | Noticed Joseph
  8157 | D:8      | Found a glowing silver altar of Zin.
  8175 | D:8      | Reached XP level 10. HP: 68/68 MP: 11/23
  8430 | D:8      | Killed Joseph
  8562 | D:9      | Noticed a tengu warrior
  8594 | D:8      | Killed a tengu warrior
  8595 | D:8      | Reached skill level 5 in Shields
  8724 | D:9      | Found a flagged portal.
  8747 | Bailey   | Entered a bailey
  9035 | Bailey   | Noticed an orc knight
  9126 | Bailey   | Noticed an orc knight
  9126 | Bailey   | Noticed an orc knight
  9150 | Bailey   | Killed an orc knight
  9150 | Bailey   | Killed an orc knight
  9232 | Bailey   | Reached skill level 5 in Air Magic
  9285 | Bailey   | Killed an orc knight
  9385 | Bailey   | Found the +15 Maxwell's patent armour {-Cast -Tele rElec
                  | Will+ rCorr}
  9385 | Bailey   | Identified the -2 helmet of Jigsaw {*Corrode rF+ rN+ Dex+3}
  9506 | D:9      | Found a staircase to the Lair.
  9537 | D:9      | Noticed a kobold demonologist
  9543 | D:9      | Killed a kobold demonologist
  9544 | D:9      | Reached XP level 11. HP: 59/72 MP: 5/24
  9954 | D:9      | Found Hifiaqu's Book Shoppe.
 10678 | D:10     | Entered Level 10 of the Dungeon
 10742 | D:10     | Reached skill level 1 in Transmutations
 11350 | D:10     | Identified the +8 hand axe "Reseguj" {flame, *Noise Fragile
                  | rN+ Str+6}
 11399 | D:10     | Reached *** piety under Ashenzari
 12434 | D:11     | Found a frozen archway.
 12563 | IceCv    | Entered an ice cave
 12711 | IceCv    | Reached **** piety under Ashenzari
 13692 | IceCv    | Noticed a bog body
 13692 | IceCv    | Noticed a bog body
 13699 | IceCv    | Killed a bog body
 13896 | IceCv    | Identified Inytud's Tome of Ice
 13991 | IceCv    | Killed a bog body
 14346 | D:11     | Reached XP level 12. HP: 81/81 MP: 17/27
 14490 | D:11     | Found a transporter.
 14500 | D:11     | Noticed an orc high priest
 14509 | D:11     | Found Gael's Antique Weapon Shop.
 14669 | D:11     | Found a transporter.
 14764 | D:11     | Noticed a six-headed hydra
 14770 | D:11     | Killed a six-headed hydra
 14771 | D:11     | Reached skill level 5 in Transmutations
 15380 | Lair:1   | Entered Level 1 of the Lair of Beasts
 15411 | Lair:1   | Reached ***** piety under Ashenzari
 16145 | D:9      | Bought a book of Transfigurations for 640 gold pieces
 17117 | Lair:1   | Learned a level 7 spell: Storm Form
 17125 | Lair:1   | Learned a level 7 spell: Dragon Form
 17297 | Lair:1   | Identified the cursed +0 cloak "Per Aspera Ad Scientiam"
                  | {Bglg, Cun} (You found it on level 4 of the Dungeon)
 17297 | Lair:1   | Identified the cursed +0 helmet of the Wild Blue Yonder
                  | {Comp, Alch} (You found it on level 10 of the Dungeon)
 17297 | Lair:1   | Identified the cursed +1 pair of gloves "Malaise of
                  | Ashenzari" {Alch, Comp} (You found it on level 12 of the
                  | Dungeon)
 17297 | Lair:1   | Identified the cursed +0 pair of boots "Sibylline Prison"
                  | {Melee, Elem} (You found it on level 3 of the Dungeon)
 17297 | Lair:1   | Identified the cursed +2 buckler of the Oracular Seer {rC+,
                  | Elem, Bglg} (You found it in an ice cave)
 17297 | Lair:1   | Identified the cursed +0 troll leather armour of the
                  | Tethered Paranoia {Regen+, Elem, Self} (You found it on
                  | level 10 of the Dungeon)
 17514 | Lair:2   | Found a staircase to the Snake Pit.
 17796 | Lair:1   | Reached skill level 1 in Unarmed Combat
 18444 | Lair:2   | Reached XP level 13. HP: 87/87 MP: 16/28
 18804 | Lair:2   | Reached skill level 2 in Unarmed Combat
 18867 | Lair:2   | Found a staircase to the Swamp.
 19361 | Lair:3   | Reached skill level 3 in Unarmed Combat
 20060 | Lair:3   | Reached skill level 4 in Unarmed Combat
 20307 | Lair:3   | Reached skill level 10 in Transmutations
 20607 | Lair:4   | Reached skill level 5 in Unarmed Combat
 20887 | Lair:4   | Noticed Snorg
 20898 | Lair:4   | Killed Snorg
 21130 | Lair:4   | Reached skill level 6 in Unarmed Combat
 21250 | Lair:4   | Reached skill level 7 in Unarmed Combat
 21250 | Lair:4   | Gained mutation: Your large and strong wings let you fly.
                  | [Gargoyle growth]
 21250 | Lair:4   | Reached XP level 14. HP: 90/90 MP: 22/28
 21944 | Lair:5   | Reached skill level 8 in Unarmed Combat
 22088 | Lair:5   | Reached skill level 9 in Unarmed Combat
 22442 | Lair:5   | Found a runed translucent door.
 22442 | Lair:5   | Found a viscous altar of Jiyva.
 22447 | Lair:5   | Found a staircase to the Slime Pits.
 22783 | Lair:6   | Entered Level 6 of the Lair of Beasts
 22872 | Lair:6   | Reached skill level 10 in Unarmed Combat
 23191 | Lair:6   | Reached skill level 11 in Unarmed Combat
 23641 | Lair:6   | Identified the +2 hat of the Conjuring Gods {rC+ Will+}
 24111 | Lair:6   | Reached skill level 12 in Unarmed Combat
 24616 | Lair:6   | Found a runed translucent door.
 24845 | Lair:6   | Reached skill level 13 in Unarmed Combat
 24986 | Lair:6   | Mangled by a torpor snail

Illustrated notes

Levels and vault maps discovered:
D:1:      mrwooster_arrival_statue_2, layout_basic, minmay_tetromino_i4
D:2:      layout_basic, chequers_ecumenical_altar_lobes,
          minmay_fractal_squares_5
D:3:      layout_basic, chequers_temple_overflow_minitemple,
          kennysheep_cross_room
D:4:      layout_rooms, minmay_temple_entry_hall
D:5:      layout_cave_pools
D:6:      layout_rooms, kennysheep_cross_bottleneck, uniq_maggie
D:7:      layout_loops_corners, serial_shops, nicolae_shop_statue_plus
D:8:      layout_basic, kennysheep_little_box, grunt_ministairs_1, uniq_joseph
D:9:      layout_loops_ring, lair_entry_dummy, enter_bailey_4,
          serial_bayou_pond_e, minmay_misc_feat_doors,
          nicolae_inconvenience_store
D:10:     layout_basic
D:11:     gammafunk_wand_slinger, layout_basic, serial_shops, shop,
          portal_ice_cave_demonic_guard, dk_noncrumbling_4
D:12:     layout_basic, minmay_orc_entry_temple_small
Lair:1:   layout_long_grid, special_room [special_room_bee],
          grunt_forest_large_clearing_hut, serial_bayou_shore_b
Lair:2:   layout_cave_pods, nicolae_swamp_entry_splash_gauntlet,
          guppyfry_snake_entry_island, nicolae_lair_grove_arrangements
Lair:3:   beast_lair_carwin_large_4, layout_long_grid
Lair:4:   layout_gridlike, cheibrodos_lair_reptile_den, serial_bayou_shore_b,
          uniq_snorg
Lair:5:   layout_regular_city, slime_altar_2
Lair:6:   wormcave, layout_gridlike, guppyfry_lair_end_dragon,
          kennysheep_basilisk_garden

Skill      XL: |  1  2  3  4  5  6  7  8  9 10 11 12 13 14 |
---------------+-------------------------------------------+-----
Earth Magic    | 4 5 |  5.0
Spellcasting   | 3 4 5 7 8 |  8.0
Conjurations   | 2 4 |  4.6
Fighting       | 5 8 |  8.9
Shields        | 3 8 9 |  9.5
Air Magic      | 2 5 7 9 |  9.5
Transmutations | 4 8 10 | 10.7
Unarmed Combat | 1 7 13 | 13.0
Dodging        | |  1.5
Stealth        | |  2.1
Translocations | |  0.4

Action                   |  1- 3 |  4- 6 |  7- 9 | 10-12 | 13-15 || total
-------------------------+-------+-------+-------+-------+-------++-------
Melee: Unarmed           |    27 |       |       |    30 |   265 ||   322
       Long sword        |       |     4 |     7 |       |       ||    11
       Falchion          |       |       |    33 |    76 |    24 ||   133
       Punch             |       |       |     1 |       |    25 ||    26
       Tailslap          |       |       |       |     1 |    15 ||    16
       Bite              |       |       |       |       |    11 ||    11
 Cast: Sandblast         |    29 |    73 |    42 |    37 |       ||   181
       Stone Arrow       |       |       |    99 |   312 |   119 ||   530
       Storm Form        |       |       |       |     2 |    14 ||    16
       Dragon Form       |       |       |       |     2 |    11 ||    13
Invok: Curse Item        |       |     1 |     3 |     4 |       ||     8
  Use: Potion            |       |       |     1 |     3 |     6 ||    10
       Scroll            |       |       |       |     9 |     5 ||    14
 Stab: Sleeping          |       |       |       |       |     2 ||     2
Armor: Robe              |    14 |    12 |    16 |       |       ||    42
       Steam dragon scal |       |       |    22 |    27 |       ||    49
       Troll leather arm |       |       |       |    73 |    29 ||   102
       Skin              |       |       |       |     7 |   113 ||   120
Dodge: Dodged            |    23 |    21 |    58 |   159 |   230 ||   491
Block: Kite shield       |       |       |       |    66 |       ||    66
       Buckler           |       |       |       |    47 |    22 ||    69

Table legend: (Time is in decaauts)
 A = Elapsed time spent in this place.
 B = Non-inter-level travel time spent in this place.
 C = Inter-level travel time spent in this place.
 D = Time resting spent in this place.
 E = Time spent auto-exploring this place.
 F = Levels seen in this place.
 G = Mean time per level.
                   A        B        C        D        E       F      G
               +--------+--------+--------+--------+--------+-----+--------+
         Total |  25131 |  24375 |    756 |   2093 |  18820 |  20 | 1256.6 |
       Dungeon |  13153 |  12693 |    460 |    813 |  10218 |  12 | 1096.1 |
          Lair |   9531 |   9235 |    296 |   1280 |   6535 |   6 | 1588.5 |
        Bailey |    740 |    740 |      0 |      0 |    579 |   1 |  740.0 |
      Ice Cave |   1706 |   1706 |      0 |      0 |   1487 |   1 | 1706.0 |
               +--------+--------+--------+--------+--------+-----+--------+

Top non-repeatable levels by time:
  Lair:1: 2220 daAuts
  Lair:6: 1932 daAuts
   IceCv: 1706 daAuts
     D:9: 1674 daAuts
     D:7: 1566 daAuts
  Lair:2: 1503 daAuts
  Lair:3: 1417 daAuts
    D:11: 1376 daAuts
  Lair:4: 1330 daAuts
    D:10: 1249 daAuts
     D:6: 1179 daAuts
     D:2: 1139 daAuts
  Lair:5: 1127 daAuts
     D:1: 1116 daAuts
     D:8: 1021 daAuts
